SEATTLE Kraken vs MONTREAL Canadiens

Created - 25 février 2024 at 14:45

Goals
1 2 3 T
SEATTLE Kraken 0 0 0 0
MONTREAL Canadiens 3 2 0 5
Shots
1 2 3 T
SEATTLE Kraken 7 10 7 24
MONTREAL Canadiens 14 18 10 42

1st period

1. MONTREAL Canadiens , Nicolas Roy 7 (Mike Matheson 13, Pierre-Luc Dubois 17) at 9:23 (PP)
2. MONTREAL Canadiens , Pierre-Luc Dubois 6 (Anthony Beauvillier 11, Noah Dobson 19) at 14:14
3. MONTREAL Canadiens , Jeremy Lauzon 7 (Pierre-Luc Dubois 18) at 18:07

Penalties :
Radko Gudas (SEA) for Roughing (Minor) at 4:31, Mike Matheson (MTL) for Tripping (Minor) at 6:39, Jakub Zboril (SEA) for Hooking (Minor) at 9:09, Radko Gudas (SEA) for Slashing (Minor) at 10:41

2nd period

4. MONTREAL Canadiens , Joe Veleno 2 (William Carrier 6) at 6:11
5. MONTREAL Canadiens , Michael Amadio 2 (David Savard 11, Nicolas Roy 7) at 7:58

Penalties :
Joel Hanley (SEA) for Cross-checking (Minor) at 19:22

3rd period

No Goal

Penalties :
Anthony Mantha (MTL) for Holding Stick (Minor) at 7:43, Radko Gudas (SEA) for Interference (Minor) at 7:43, Jordan Gross (SEA) for Hooking (Minor) at 17:29, William Carrier (MTL) for Tripping (Minor) at 19:57

Goalie Stats

Laurent Brossoit (SEA), 22 saves from 22 shots - (1,000), 32:02 minutes
Sergei Bobrovsky (SEA), 15 saves from 20 shots - (0,750), L, 7-14-4, 27:58 minutes
Jordan Binnington (MTL), 24 saves from 24 shots - (1,000), W, 15-9-1, 60:00 minutes

Players Stats for SEATTLE Kraken

Player Name              G  A  P  +/- PIM S  H  SB GA TA FO     MP     PP MP  PK MP  
------------------------------------------------------------------------------------
Arber Xhekaj             0  0  0   0  0   0  5  2  0  0  0/0    16:16   0:00   0:00 
Brendan Lemieux          0  0  0  -2  0   3  2  0  0  0  6/11   24:44   0:39   4:59 
Givani Smith             0  0  0  -1  0   3  2  0  0  0  0/0    13:46   0:00   0:00 
Jake Gardiner            0  0  0  -1  0   0  0  0  0  0  0/0    24:58   0:39   4:36 
Jakub Zboril             0  0  0   0  2   1  2  2  0  0  0/0    22:24   0:39   4:27 
Joel Hanley              0  0  0  -3  2   2  3  1  0  0  0/0    18:40   1:22   3:44 
John Hayden              0  0  0   0  0   0  0  0  0  0  0/0     0:00   0:00   0:00 
Jordan Greenway          0  0  0  -1  0   3  2  0  0  0  2/4    17:01   0:39   2:17 
Jordan Gross             0  0  0  -3  2   1  7  2  0  0  0/0    14:53   0:00   1:00 
Liam O'Brien             0  0  0  -1  0   2  4  0  0  0  1/3    15:29   0:00   0:00 
Luke Kunin               0  0  0  -1  0   1  0  0  0  0  9/22   20:37   0:39   5:53 
Mathieu Olivier          0  0  0  -1  0   1  0  0  0  0  6/17   13:46   0:00   0:00 
Matt Martin              0  0  0  -1  0   2  6  2  0  0  0/4    19:39   1:22   2:17 
Matty Beniers            0  0  0  -1  0   3  0  0  0  0  8/20   16:51   1:22   0:00 
Radko Gudas              0  0  0  -1  6   1  6  2  0  0  0/0    22:43   1:22   2:33 
Ryan Kesler              0  0  0  -1  0   0  0  0  0  0  1/1     6:52   0:00   0:54 
Wayne Simmonds           0  0  0  -1  0   0  0  0  0  0  0/2    15:08   1:22   0:00 
Zack MacEwen             0  0  0  -1  0   1  2  0  0  0  1/5     5:58   0:00   0:00 

Players Stats for MONTREAL Canadiens

Player Name              G  A  P  +/- PIM S  H  SB GA TA FO     MP     PP MP  PK MP  
------------------------------------------------------------------------------------
Alexis Lafrenière        0  0  0   1  0   2  2  0  0  0  0/0    10:28   0:00   0:09 
Anthony Beauvillier      0  1  1   2  0   8  1  0  0  0  1/1    21:50   4:39   0:41 
Anthony Mantha           0  0  0   0  2   1  2  0  0  0  2/4    14:56   0:00   0:00 
Arthur Kaliyev           0  0  0   1  0   0  0  0  0  0  0/1     6:04   0:00   0:00 
Cole Caufield            0  0  0   2  0   4  0  0  0  0  2/3    22:33   4:39   0:00 
David Savard             0  1  1   3  0   1  2  1  0  0  0/0    19:04   2:56   1:00 
Jeremy Lauzon            1  0  1   3  0   3  6  1  0  0  0/0    19:04   2:56   1:00 
Joe Veleno               1  0  1   1  0   1  1  0  0  0  5/5     6:45   0:00   0:41 
Marco Scandella          0  0  0   0  0   3  1  0  0  0  0/0    16:25   0:00   1:01 
Michael Amadio           1  0  1   1  0   4  0  0  0  0  1/3    12:30   2:11   0:00 
Mike Matheson            0  1  1   1  2   0  2  1  0  0  0/0    24:30   5:14   0:00 
Nicolas Roy              1  1  2   1  0   3  2  0  0  0  8/13   15:36   3:31   1:11 
Noah Dobson              0  1  1   1  0   3  1  2  0  0  0/0    24:31   5:14   0:00 
Phillip Danault          0  0  0   0  0   2  0  0  0  0  12/17  16:52   0:00   1:20 
Pierre-Luc Dubois        1  2  3   2  0   5  5  0  0  0  22/39  23:53   5:59   0:00 
Simon Benoit             0  0  0   0  0   0  4  1  0  0  0/0    16:25   0:00   1:01 
William Carrier          0  1  1   1  2   1  0  0  0  0  0/0     6:03   0:00   0:00 
Zach Parise              0  0  0   0  0   1  2  1  0  0  2/3    18:28   3:31   0:00 

3 Stars

1 - Pierre-Luc Dubois (MTL)
2 - Jeremy Lauzon (MTL)
3 - Jordan Binnington (MTL)

Power Play

SEATTLE Kraken - 0 on 2 Attempt(s) - 0,00%
MONTREAL Canadiens - 1 on 5 Attempt(s) - 20,00%

Penalty Kill

SEATTLE Kraken - 4 on 5 Attempt(s) - 80,00% - Score 0 goal in Penalty Kill
MONTREAL Canadiens - 2 on 2 Attempt(s) - 100,00% - Score 0 goal in Penalty Kill

Team Stat

SEATTLE Kraken - Hits : 41 - Faceoff Wins : 34 - Blocked Shots : 11 - Penalty Minutes : 12
MONTREAL Canadiens - Hits : 31 - Faceoff Wins : 55 - Blocked Shots : 7 - Penalty Minutes : 6

Official

Referees : Frederick L'Ecuyer and Furman South
Linesman : Meghan Mallette and Derek Morris

Game Notes

Laurent Brossoit enters game at 7:58 of 2nd period

Finance

Level 1 -- Attendance: 6300 (100,00%) -- Ticket Income $504,000
Level 2 -- Attendance: 5475 (88,31%) -- Ticket Income $273,750
Level 3 -- Attendance: 2498 (68,95%) -- Ticket Income $74,940
Level 4 -- Attendance: 4000 (100,00%) -- Ticket Income $80,000
Luxury Box -- Attendance: 1053 (91,57%) -- Ticket Income $136,890
Game was played at the Centre Bell.
Total Attendance: 19326 (90,85%)
Total Ticket Income: $1,069,580
Other Income: $267,395
Total Income: $1,336,975

SEATTLE Kraken

5 vs 5 Forward 
   Center                   Left Wing                Right Wing               Time % Phy DF OF 
 1 Luke Kunin               Brendan Lemieux          Jordan Greenway          40     1   2  2  
 2 Matty Beniers            Matt Martin              Liam O'Brien             30     1   2  2  
 3 Zack MacEwen             Ryan Kesler              Brendan Lemieux          20     1   2  2  
 4 Mathieu Olivier          Wayne Simmonds           Givani Smith             10     1   2  2  

5 vs 5 Defense 
   Defense                  Defense                                           Time % Phy DF OF 
 1 Radko Gudas              Jake Gardiner                                     40     1   2  2  
 2 Jakub Zboril             Arber Xhekaj                                      30     1   2  2  
 3 Jordan Gross             Joel Hanley                                       20     1   2  2  
 4 Radko Gudas              Jake Gardiner                                     10     1   2  2  

PowerPlay Forward 
   Center                   Left Wing                Right Wing               Time % Phy DF OF 
 1 Luke Kunin               Brendan Lemieux          Jordan Greenway          60     1   2  2  
 2 Matty Beniers            Matt Martin              Wayne Simmonds           40     1   2  2  

PowerPlay Defense
   Defense                  Defense                                           Time % Phy DF OF 
 1 Radko Gudas              Joel Hanley                                       60     1   2  2  
 2 Jakub Zboril             Jake Gardiner                                     40     1   2  2  

Penalty Kill 4 Players Forward 
   Center                   Wing                     Time % Phy DF OF 
 1 Brendan Lemieux          Luke Kunin               60     1   2  2  
 2 Jordan Greenway          Matt Martin              40     1   2  2  

Penalty Kill 4 Players Defense
   Defense                  Defense                  Time % Phy DF OF 
 1 Jake Gardiner            Radko Gudas              60     1   2  2  
 2 Jakub Zboril             Joel Hanley              40     1   2  2  

Penalty Kill - 3 Players Forward 
   Forward                                           Time % Phy DF OF 
 1 Jordan Greenway                                   60     1   2  2  
 2 Luke Kunin                                        40     1   2  2  

Penalty Kill - 3 Players Defense
   Defense                  Defense                  Time % Phy DF OF 
 1 Radko Gudas              Joel Hanley              60     1   2  2  
 2 Jakub Zboril             Jake Gardiner            40     1   2  2  

4 vs 4 Forward 
   Center                   Wing                     Time % Phy DF OF 
 1 Luke Kunin               Jordan Greenway          60     1   2  2  
 2 Brendan Lemieux          Matt Martin              40     1   2  2  

4 vs 4 Defense
   Defense                  Defense                  Time % Phy DF OF 
 1 Joel Hanley              Jake Gardiner            60     1   2  2  
 2 Jakub Zboril             Jordan Gross             40     1   2  2  

Last Minutes Offensive
   Center                   Left Wing                Right Wing               Defense                  Defense                  
   Luke Kunin               Brendan Lemieux          Jordan Greenway          Radko Gudas              Jake Gardiner            

Last Minutes Defensive
   Center                   Left Wing                Right Wing               Defense                  Defense                  
   Luke Kunin               Brendan Lemieux          Jordan Greenway          Radko Gudas              Jake Gardiner            

Goaltenders
Starting : Sergei Bobrovsky         
Backup : Laurent Brossoit         

Extra Forwards
Normal : Jordan Greenway, Brendan Lemieux, Luke Kunin - PP : Luke Kunin, Brendan Lemieux - PK : Luke Kunin
Extra Defensemen
Normal : Jordan Gross, Joel Hanley, Jakub Zboril - PP : Jakub Zboril - PK : Joel Hanley, Jakub Zboril
Penalty Shots
Brendan Lemieux, Luke Kunin, Jordan Greenway, Matt Martin, Wayne Simmonds

Scratches
Carey Price (Healthy)

MONTREAL Canadiens

5 vs 5 Forward 
   Center                   Left Wing                Right Wing               Time % Phy DF OF 
 1 Pierre-Luc Dubois        Cole Caufield            Anthony Beauvillier      40     1   2  2  
 2 Phillip Danault          Zach Parise              Anthony Mantha           30     1   2  2  
 3 Nicolas Roy              Alexis Lafrenière        Michael Amadio           20     1   2  2  
 4 Joe Veleno               William Carrier          Arthur Kaliyev           10     1   2  2  

5 vs 5 Defense 
   Defense                  Defense                                           Time % Phy DF OF 
 1 Noah Dobson              Mike Matheson                                     40     1   2  2  
 2 David Savard             Jeremy Lauzon                                     30     1   2  2  
 3 Marco Scandella          Simon Benoit                                      20     1   2  2  
 4 Noah Dobson              Mike Matheson                                     10     1   2  2  

PowerPlay Forward 
   Center                   Left Wing                Right Wing               Time % Phy DF OF 
 1 Pierre-Luc Dubois        Cole Caufield            Anthony Beauvillier      70     1   2  2  
 2 Pierre-Luc Dubois        Zach Parise              Nicolas Roy              30     1   2  2  

PowerPlay Defense
   Defense                  Defense                                           Time % Phy DF OF 
 1 Noah Dobson              Mike Matheson                                     70     1   2  2  
 2 David Savard             Jeremy Lauzon                                     30     1   2  2  

Penalty Kill 4 Players Forward 
   Center                   Wing                     Time % Phy DF OF 
 1 Phillip Danault          Nicolas Roy              60     1   2  2  
 2 Joe Veleno               Anthony Beauvillier      40     1   2  2  

Penalty Kill 4 Players Defense
   Defense                  Defense                  Time % Phy DF OF 
 1 David Savard             Jeremy Lauzon            60     1   2  2  
 2 Marco Scandella          Simon Benoit             40     1   2  2  

Penalty Kill - 3 Players Forward 
   Forward                                           Time % Phy DF OF 
 1 Phillip Danault                                   60     1   2  2  
 2 Nicolas Roy                                       40     1   2  2  

Penalty Kill - 3 Players Defense
   Defense                  Defense                  Time % Phy DF OF 
 1 David Savard             Jeremy Lauzon            60     1   2  2  
 2 Marco Scandella          Simon Benoit             40     1   2  2  

4 vs 4 Forward 
   Center                   Wing                     Time % Phy DF OF 
 1 Pierre-Luc Dubois        Cole Caufield            60     1   2  2  
 2 Phillip Danault          Nicolas Roy              40     1   2  2  

4 vs 4 Defense
   Defense                  Defense                  Time % Phy DF OF 
 1 Noah Dobson              Mike Matheson            60     1   2  2  
 2 David Savard             Jeremy Lauzon            40     1   2  2  

Last Minutes Offensive
   Center                   Left Wing                Right Wing               Defense                  Defense                  
   Pierre-Luc Dubois        Cole Caufield            Nicolas Roy              Noah Dobson              Mike Matheson            

Last Minutes Defensive
   Center                   Left Wing                Right Wing               Defense                  Defense                  
   Phillip Danault          Anthony Beauvillier      Nicolas Roy              David Savard             Jeremy Lauzon            

Goaltenders
Starting : Jordan Binnington        
Backup : Petr Mrazek              

Extra Forwards
Normal : Alexis Lafrenière, Anthony Mantha, Zach Parise - PP : Cole Caufield, Michael Amadio - PK : Alexis Lafrenière
Extra Defensemen
Normal : Marco Scandella, Simon Benoit, David Savard - PP : Marco Scandella - PK : Simon Benoit, David Savard
Penalty Shots
Phillip Danault, Cole Caufield, Pierre-Luc Dubois, Anthony Beauvillier, Nicolas Roy

Scratches
Max Comtois (Healthy), Luke Evangelista (Healthy)

% Time on Ice - SEATTLE Kraken

Lines # - Real PCT - Wanted PCT - Time Play
Normal Forward
1 - 26% - 40% - 12:37
2 - 32% - 30% - 15:29
3 - 12% - 20% - 5:58
4 - 29% - 10% - 13:46
Normal Defense
1 - 38% - 40% - 18:04
2 - 34% - 30% - 16:16
3 - 27% - 20% - 12:43
4 - 2% - 10% - 0:47
PP Forward
1 - 32% - 60% - 0:39
2 - 68% - 40% - 1:22
PP Defense
1 - 68% - 60% - 1:22
2 - 32% - 40% - 0:39
PK Forward
1 - 72% - 60% - 5:53
2 - 28% - 40% - 2:17
PK Defense
1 - 61% - 60% - 4:58
2 - 39% - 40% - 3:12
PK3 Forward
1 - 0% - 60%
2 - 0% - 40%
PK3 Defense
1 - 0% - 60%
2 - 0% - 40%
44 Forward
1 - 74% - 60% - 1:28
2 - 26% - 40% - 0:31
44 Defense
1 - 44% - 60% - 0:52
2 - 56% - 40% - 1:07
Last Minute Offensive  - 0:00
Last Minute Defensive  - 0:00
Total
Forward - 60:00
Defense - 60:00

% Time on Ice - MONTREAL Canadiens

Lines # - Real PCT - Wanted PCT - Time Play
Normal Forward
1 - 34% - 40% - 16:30
2 - 31% - 30% - 14:57
3 - 22% - 20% - 10:19
4 - 13% - 10% - 6:04
Normal Defense
1 - 36% - 40% - 17:02
2 - 30% - 30% - 14:11
3 - 32% - 20% - 15:24
4 - 3% - 10% - 1:13
PP Forward
1 - 57% - 70% - 4:39
2 - 43% - 30% - 3:31
PP Defense
1 - 64% - 70% - 5:14
2 - 36% - 30% - 2:56
PK Forward
1 - 66% - 60% - 1:20
2 - 34% - 40% - 0:41
PK Defense
1 - 50% - 60% - 1:00
2 - 50% - 40% - 1:01
PK3 Forward
1 - 0% - 60%
2 - 0% - 40%
PK3 Defense
1 - 0% - 60%
2 - 0% - 40%
44 Forward
1 - 71% - 60% - 1:24
2 - 29% - 40% - 0:35
44 Defense
1 - 52% - 60% - 1:02
2 - 48% - 40% - 0:57
Last Minute Offensive  - 0:00
Last Minute Defensive  - 0:00
Total
Forward - 60:00
Defense - 60:00

Play-by-Play

1st period


0:01 of 1st period - Pierre-Luc Dubois wins face-off versus Luke Kunin in neutral zone.
0:36 of 1st period - Shot by Anthony Beauvillier.
0:36 of 1st period - Stopped by Sergei Bobrovsky without a rebound.
0:37 of 1st period - Phillip Danault wins face-off versus Matty Beniers in SEATTLE Kraken zone.
0:50 of 1st period - Shot by Matty Beniers.
0:50 of 1st period - Shot Misses the Net.
0:52 of 1st period - Shot by Arber Xhekaj.
0:52 of 1st period - Shot Misses the Net.
1:40 of 1st period - Shot by Alexis Lafrenière.
1:40 of 1st period - Deflect By Michael Amadio.
1:40 of 1st period - Shot Misses the Net.
1:42 of 1st period - Shot by Alexis Lafrenière.
1:42 of 1st period - Shot Misses the Net.
3:16 of 1st period - Jeremy Lauzon is hit by Matt Martin and loses puck.
3:31 of 1st period - Arber Xhekaj is hit by Jeremy Lauzon and loses puck.
4:00 of 1st period - Shot by Luke Kunin.
4:00 of 1st period - Shot Blocked by Simon Benoit.
4:05 of 1st period - Jordan Greenway is hit by Simon Benoit and loses puck.
4:27 of 1st period - Off-side.
4:28 of 1st period - Nicolas Roy wins face-off versus Mathieu Olivier in neutral zone.
4:28 of 1st period - Nicolas Roy is hit by Givani Smith.
4:31 of 1st period - Minor Penalty to Radko Gudas for Roughing.
4:32 of 1st period - Ryan Kesler wins face-off versus Pierre-Luc Dubois in SEATTLE Kraken zone.
4:57 of 1st period - Jake Gardiner is hit by Pierre-Luc Dubois and loses puck.
5:02 of 1st period - Shot by Pierre-Luc Dubois.
5:02 of 1st period - Shot Misses the Net.
5:15 of 1st period - Icing by Noah Dobson.
5:16 of 1st period - Pierre-Luc Dubois wins face-off versus Jordan Greenway in MONTREAL Canadiens zone.
5:20 of 1st period - Icing by Noah Dobson.
5:21 of 1st period - Brendan Lemieux wins face-off versus Pierre-Luc Dubois in MONTREAL Canadiens zone.
5:26 of 1st period - Shot by Brendan Lemieux.
5:26 of 1st period - Shot Misses the Net.
5:46 of 1st period - Michael Amadio is hit by Brendan Lemieux and loses puck.
6:01 of 1st period - Shot by Michael Amadio.
6:01 of 1st period - Stopped by Sergei Bobrovsky without a rebound.
6:02 of 1st period - Pierre-Luc Dubois wins face-off versus Matt Martin in SEATTLE Kraken zone.
6:13 of 1st period - Shot by David Savard.
6:13 of 1st period - Shot Blocked by Matt Martin.
6:25 of 1st period - Jordan Gross is hit by Zach Parise and loses puck.
6:34 of 1st period - Shot by Mathieu Olivier.
6:34 of 1st period - Stopped by Jordan Binnington without a rebound.
6:35 of 1st period - Mathieu Olivier wins face-off versus Arthur Kaliyev in MONTREAL Canadiens zone.
6:35 of 1st period - Wayne Simmonds is hit by Mike Matheson and loses puck.
6:39 of 1st period - Minor Penalty to Mike Matheson for Tripping.
6:40 of 1st period - Phillip Danault wins face-off versus Wayne Simmonds in MONTREAL Canadiens zone.
8:08 of 1st period - Shot by Jordan Greenway.
8:08 of 1st period - Stopped by Jordan Binnington without a rebound.
8:09 of 1st period - Matty Beniers wins face-off versus Phillip Danault in MONTREAL Canadiens zone.
8:32 of 1st period - Joel Hanley is hit by Nicolas Roy.
8:56 of 1st period - Shot by Noah Dobson.
8:56 of 1st period - Shot Misses the Net.
9:09 of 1st period - Minor Penalty to Jakub Zboril for Hooking.
9:10 of 1st period - Pierre-Luc Dubois wins face-off versus Brendan Lemieux in SEATTLE Kraken zone.
9:23 of 1st period - Shot by Nicolas Roy.
9:23 of 1st period - Goal by Nicolas Roy - SEATTLE Kraken : 0 - MONTREAL Canadiens : 1.
9:24 of 1st period - Joe Veleno wins face-off versus Mathieu Olivier in neutral zone.
9:27 of 1st period - Shot by Jeremy Lauzon.
9:27 of 1st period - Stopped by Sergei Bobrovsky without a rebound.
9:28 of 1st period - Liam O'Brien wins face-off versus Phillip Danault in SEATTLE Kraken zone.
9:39 of 1st period - Shot by Matt Martin.
9:39 of 1st period - Shot Misses the Net.
10:15 of 1st period - Shot by Givani Smith.
10:15 of 1st period - Stopped by Jordan Binnington without a rebound.
10:16 of 1st period - Brendan Lemieux wins face-off versus Pierre-Luc Dubois in MONTREAL Canadiens zone.
10:40 of 1st period - Noah Dobson is hit by Radko Gudas and loses puck.
10:41 of 1st period - Minor Penalty to Radko Gudas for Slashing.
10:42 of 1st period - Brendan Lemieux wins face-off versus Pierre-Luc Dubois in SEATTLE Kraken zone.
11:19 of 1st period - Shot by Jordan Greenway.
11:19 of 1st period - Shot Misses the Net.
11:34 of 1st period - Off-side.
11:35 of 1st period - Anthony Beauvillier wins face-off versus Brendan Lemieux in neutral zone.
11:52 of 1st period - Shot by David Savard.
11:52 of 1st period - Shot Blocked by Jakub Zboril.
11:54 of 1st period - Shot by Jeremy Lauzon.
11:54 of 1st period - Shot Misses the Net.
11:57 of 1st period - Cole Caufield is hit by Jordan Gross and loses puck.
12:18 of 1st period - Shot by Anthony Beauvillier.
12:18 of 1st period - Stopped by Sergei Bobrovsky without a rebound.
12:19 of 1st period - Brendan Lemieux wins face-off versus Pierre-Luc Dubois in SEATTLE Kraken zone.
12:58 of 1st period - Shot by Arthur Kaliyev.
12:58 of 1st period - Shot Misses the Net.
13:00 of 1st period - Shot by Arthur Kaliyev.
13:00 of 1st period - Shot Misses the Net.
13:02 of 1st period - Shot by Joe Veleno.
13:02 of 1st period - Shot Misses the Net.
13:34 of 1st period - Shot by Nicolas Roy.
13:34 of 1st period - Stopped by Sergei Bobrovsky without a rebound.
13:35 of 1st period - Nicolas Roy wins face-off versus Liam O'Brien in SEATTLE Kraken zone.
13:35 of 1st period - Nicolas Roy is hit by Jakub Zboril.
13:51 of 1st period - Off-side.
13:52 of 1st period - Luke Kunin wins face-off versus Cole Caufield in neutral zone.
14:14 of 1st period - Shot by Pierre-Luc Dubois.
14:14 of 1st period - Goal by Pierre-Luc Dubois - SEATTLE Kraken : 0 - MONTREAL Canadiens : 2.
14:15 of 1st period - Anthony Mantha wins face-off versus Matty Beniers in neutral zone.
15:24 of 1st period - Shot by Jordan Greenway.
15:24 of 1st period - Stopped by Jordan Binnington with a rebound.
15:39 of 1st period - Off-side.
15:40 of 1st period - Mathieu Olivier wins face-off versus Nicolas Roy in neutral zone.
15:58 of 1st period - Nicolas Roy is hit by Givani Smith and loses puck.
16:02 of 1st period - Simon Benoit is hit by Radko Gudas and loses puck.
16:07 of 1st period - Shot by Michael Amadio.
16:07 of 1st period - Deflect By Alexis Lafrenière.
16:07 of 1st period - Shot Misses the Net.
16:09 of 1st period - Shot by Marco Scandella.
16:09 of 1st period - Stopped by Sergei Bobrovsky without a rebound.
16:10 of 1st period - Matty Beniers wins face-off versus Pierre-Luc Dubois in SEATTLE Kraken zone.
16:37 of 1st period - Shot by Matty Beniers.
16:37 of 1st period - Stopped by Jordan Binnington with a rebound.
16:39 of 1st period - Shot by Matty Beniers.
16:39 of 1st period - Stopped by Jordan Binnington with a rebound.
16:41 of 1st period - Shot by Matt Martin.
16:41 of 1st period - Shot Blocked by Noah Dobson.
16:43 of 1st period - Shot by Arber Xhekaj.
16:43 of 1st period - Shot Misses the Net.
16:45 of 1st period - Shot by Matty Beniers.
16:45 of 1st period - Shot Blocked by Mike Matheson.
16:47 of 1st period - Shot by Liam O'Brien.
16:47 of 1st period - Stopped by Jordan Binnington without a rebound.
16:48 of 1st period - Brendan Lemieux wins face-off versus Phillip Danault in MONTREAL Canadiens zone.
16:49 of 1st period - Shot by Jordan Greenway.
16:49 of 1st period - Shot Misses the Net.
16:59 of 1st period - Jordan Greenway is hit by Anthony Mantha and loses puck.
17:21 of 1st period - Icing by Radko Gudas.
17:22 of 1st period - Nicolas Roy wins face-off versus Luke Kunin in SEATTLE Kraken zone.
17:35 of 1st period - Shot by Nicolas Roy.
17:35 of 1st period - Shot Misses the Net.
17:45 of 1st period - Shot by Noah Dobson.
17:45 of 1st period - Stopped by Sergei Bobrovsky without a rebound.
17:46 of 1st period - Pierre-Luc Dubois wins face-off versus Matty Beniers in SEATTLE Kraken zone.
17:51 of 1st period - Shot by Cole Caufield.
17:51 of 1st period - Stopped by Sergei Bobrovsky without a rebound.
17:52 of 1st period - Pierre-Luc Dubois wins face-off versus Matty Beniers in SEATTLE Kraken zone.
18:07 of 1st period - Shot by Jeremy Lauzon.
18:07 of 1st period - Goal by Jeremy Lauzon - SEATTLE Kraken : 0 - MONTREAL Canadiens : 3.
18:08 of 1st period - Phillip Danault wins face-off versus Mathieu Olivier in neutral zone.
19:00 of 1st period - Icing by Arber Xhekaj.
19:01 of 1st period - Pierre-Luc Dubois wins face-off versus Mathieu Olivier in SEATTLE Kraken zone.
19:14 of 1st period - Shot by Cole Caufield.
19:14 of 1st period - Stopped by Sergei Bobrovsky without a rebound.
19:15 of 1st period - Luke Kunin wins face-off versus Michael Amadio in SEATTLE Kraken zone.
19:32 of 1st period - Shot by Alexis Lafrenière.
19:32 of 1st period - Deflect By Michael Amadio.
19:32 of 1st period - Stopped by Sergei Bobrovsky without a rebound.
19:33 of 1st period - Pierre-Luc Dubois wins face-off versus Matty Beniers in SEATTLE Kraken zone.
19:36 of 1st period - Shot by Anthony Beauvillier.
19:36 of 1st period - Stopped by Sergei Bobrovsky without a rebound.
19:37 of 1st period - Cole Caufield wins face-off versus Luke Kunin in SEATTLE Kraken zone.
Goals for this period are 0 for SEATTLE Kraken vs 3 for MONTREAL Canadiens.
Shots for this period are 7 for SEATTLE Kraken vs 14 for MONTREAL Canadiens.

2nd period


0:01 of 2nd period - Pierre-Luc Dubois wins face-off versus Luke Kunin in neutral zone.
0:18 of 2nd period - Shot by Pierre-Luc Dubois.
0:18 of 2nd period - Stopped by Sergei Bobrovsky with a rebound.
0:31 of 2nd period - Jordan Greenway is hit by Mike Matheson and loses puck.
0:34 of 2nd period - Shot by Jordan Greenway.
0:34 of 2nd period - Deflect By Brendan Lemieux.
0:34 of 2nd period - Stopped by Jordan Binnington without a rebound.
0:35 of 2nd period - Matty Beniers wins face-off versus Michael Amadio in MONTREAL Canadiens zone.
1:01 of 2nd period - Shot by Matty Beniers.
1:01 of 2nd period - Deflect By Matt Martin.
1:01 of 2nd period - Shot Blocked by David Savard.
1:03 of 2nd period - Shot by Matt Martin.
1:03 of 2nd period - Stopped by Jordan Binnington without a rebound.
1:04 of 2nd period - Phillip Danault wins face-off versus Zack MacEwen in MONTREAL Canadiens zone.
1:46 of 2nd period - Shot by Zach Parise.
1:46 of 2nd period - Stopped by Sergei Bobrovsky with a rebound.
1:48 of 2nd period - Shot by Phillip Danault.
1:48 of 2nd period - Shot Blocked by Jakub Zboril.
1:57 of 2nd period - Off-side.
1:58 of 2nd period - Pierre-Luc Dubois wins face-off versus Matt Martin in neutral zone.
1:58 of 2nd period - Noah Dobson is hit by Liam O'Brien and loses puck.
2:27 of 2nd period - Anthony Beauvillier is hit by Liam O'Brien and loses puck.
2:42 of 2nd period - Shot by Anthony Beauvillier.
2:42 of 2nd period - Stopped by Sergei Bobrovsky without a rebound.
2:43 of 2nd period - Mathieu Olivier wins face-off versus Nicolas Roy in SEATTLE Kraken zone.
2:43 of 2nd period - Joel Hanley is hit by Nicolas Roy and loses puck.
2:57 of 2nd period - Icing by Jordan Gross.
2:58 of 2nd period - Anthony Mantha wins face-off versus Wayne Simmonds in SEATTLE Kraken zone.
2:58 of 2nd period - Zach Parise is hit by Jordan Gross and loses puck.
3:09 of 2nd period - Shot by Phillip Danault.
3:09 of 2nd period - Stopped by Sergei Bobrovsky with a rebound.
3:18 of 2nd period - Givani Smith is hit by Simon Benoit and loses puck.
4:14 of 2nd period - Brendan Lemieux is hit by Marco Scandella and loses puck.
4:30 of 2nd period - Brendan Lemieux is hit by Simon Benoit and loses puck.
5:08 of 2nd period - Cole Caufield is hit by Arber Xhekaj and loses puck.
5:23 of 2nd period - Anthony Beauvillier is hit by Arber Xhekaj and loses puck.
6:07 of 2nd period - Icing by Radko Gudas.
6:08 of 2nd period - Joe Veleno wins face-off versus Zack MacEwen in SEATTLE Kraken zone.
6:11 of 2nd period - Shot by Joe Veleno.
6:11 of 2nd period - Goal by Joe Veleno - SEATTLE Kraken : 0 - MONTREAL Canadiens : 4.
6:12 of 2nd period - Joe Veleno wins face-off versus Mathieu Olivier in neutral zone.
6:43 of 2nd period - Icing by Joel Hanley.
6:44 of 2nd period - Pierre-Luc Dubois wins face-off versus Mathieu Olivier in SEATTLE Kraken zone.
6:44 of 2nd period - Pierre-Luc Dubois is hit by Jordan Gross.
6:50 of 2nd period - Shot by Cole Caufield.
6:50 of 2nd period - Shot Misses the Net.
6:53 of 2nd period - Pierre-Luc Dubois is hit by Joel Hanley.
6:57 of 2nd period - Shot by Pierre-Luc Dubois.
6:57 of 2nd period - Shot Blocked by Jordan Gross.
7:11 of 2nd period - Joel Hanley is hit by Pierre-Luc Dubois and loses puck.
7:51 of 2nd period - Nicolas Roy is hit by Jordan Gross and loses puck.
7:54 of 2nd period - Shot by Michael Amadio.
7:54 of 2nd period - Shot Blocked by Jordan Gross.
7:56 of 2nd period - Shot by David Savard.
7:56 of 2nd period - Shot Misses the Net.
7:58 of 2nd period - Shot by Michael Amadio.
7:58 of 2nd period - Goal by Michael Amadio - SEATTLE Kraken : 0 - MONTREAL Canadiens : 5.
7:58 of 2nd period - Laurent Brossoit enters game.
7:59 of 2nd period - Luke Kunin wins face-off versus Anthony Mantha in neutral zone.
8:10 of 2nd period - Shot by Jordan Greenway.
8:10 of 2nd period - Stopped by Jordan Binnington without a rebound.
8:11 of 2nd period - Joe Veleno wins face-off versus Matty Beniers in MONTREAL Canadiens zone.
8:32 of 2nd period - Shot by Joe Veleno.
8:32 of 2nd period - Shot Blocked by Arber Xhekaj.
8:34 of 2nd period - Shot by Marco Scandella.
8:34 of 2nd period - Stopped by Laurent Brossoit without a rebound.
8:35 of 2nd period - Luke Kunin wins face-off versus Pierre-Luc Dubois in SEATTLE Kraken zone.
8:48 of 2nd period - Shot by Pierre-Luc Dubois.
8:48 of 2nd period - Shot Misses the Net.
8:50 of 2nd period - Shot by Noah Dobson.
8:50 of 2nd period - Stopped by Laurent Brossoit without a rebound.
8:51 of 2nd period - Nicolas Roy wins face-off versus Liam O'Brien in SEATTLE Kraken zone.
9:04 of 2nd period - Shot by Michael Amadio.
9:04 of 2nd period - Shot Blocked by Matt Martin.
9:06 of 2nd period - Shot by Alexis Lafrenière.
9:06 of 2nd period - Stopped by Laurent Brossoit without a rebound.
9:07 of 2nd period - Pierre-Luc Dubois wins face-off versus Luke Kunin in SEATTLE Kraken zone.
9:07 of 2nd period - Pierre-Luc Dubois is hit by Radko Gudas.
9:14 of 2nd period - Cole Caufield is hit by Radko Gudas and loses puck.
9:21 of 2nd period - Shot by Anthony Beauvillier.
9:21 of 2nd period - Shot Misses the Net.
9:23 of 2nd period - Shot by Anthony Beauvillier.
9:23 of 2nd period - Stopped by Laurent Brossoit without a rebound.
9:24 of 2nd period - Matty Beniers wins face-off versus Nicolas Roy in SEATTLE Kraken zone.
9:24 of 2nd period - Matty Beniers is hit by Alexis Lafrenière.
9:31 of 2nd period - Matt Martin is hit by Jeremy Lauzon and loses puck.
9:40 of 2nd period - Shot by Liam O'Brien.
9:40 of 2nd period - Shot Misses the Net.
9:48 of 2nd period - Shot by Liam O'Brien.
9:48 of 2nd period - Stopped by Jordan Binnington without a rebound.
9:49 of 2nd period - Luke Kunin wins face-off versus Pierre-Luc Dubois in MONTREAL Canadiens zone.
10:08 of 2nd period - Shot by Cole Caufield.
10:08 of 2nd period - Shot Misses the Net.
10:10 of 2nd period - Shot by Cole Caufield.
10:10 of 2nd period - Stopped by Laurent Brossoit without a rebound.
10:11 of 2nd period - Phillip Danault wins face-off versus Matty Beniers in SEATTLE Kraken zone.
10:21 of 2nd period - Shot by Anthony Mantha.
10:21 of 2nd period - Stopped by Laurent Brossoit without a rebound.
10:22 of 2nd period - Luke Kunin wins face-off versus Pierre-Luc Dubois in SEATTLE Kraken zone.
10:29 of 2nd period - Shot by Luke Kunin.
10:29 of 2nd period - Shot Blocked by Noah Dobson.
11:20 of 2nd period - Radko Gudas is hit by Jeremy Lauzon and loses puck.
11:41 of 2nd period - Shot by Zach Parise.
11:41 of 2nd period - Shot Misses the Net.
11:43 of 2nd period - Shot by Jeremy Lauzon.
11:43 of 2nd period - Shot Misses the Net.
11:45 of 2nd period - Shot by David Savard.
11:45 of 2nd period - Stopped by Laurent Brossoit without a rebound.
11:46 of 2nd period - Nicolas Roy wins face-off versus Mathieu Olivier in SEATTLE Kraken zone.
11:46 of 2nd period - Nicolas Roy is hit by Joel Hanley.
11:48 of 2nd period - Shot by Simon Benoit.
11:48 of 2nd period - Shot Misses the Net.
11:53 of 2nd period - Joel Hanley is hit by Alexis Lafrenière and loses puck.
12:48 of 2nd period - Matty Beniers is hit by Joe Veleno.
13:11 of 2nd period - Icing by Noah Dobson.
13:12 of 2nd period - Joe Veleno wins face-off versus Jordan Greenway in MONTREAL Canadiens zone.
13:12 of 2nd period - Noah Dobson is hit by Jordan Greenway and loses puck.
13:27 of 2nd period - Shot by Radko Gudas.
13:27 of 2nd period - Stopped by Jordan Binnington without a rebound.
13:28 of 2nd period - Cole Caufield wins face-off versus Zack MacEwen in MONTREAL Canadiens zone.
13:28 of 2nd period - Cole Caufield is hit by Brendan Lemieux.
13:38 of 2nd period - Shot by Anthony Beauvillier.
13:38 of 2nd period - Shot Blocked by Arber Xhekaj.
13:53 of 2nd period - David Savard is hit by Arber Xhekaj and loses puck.
14:00 of 2nd period - Shot by Jeremy Lauzon.
14:00 of 2nd period - Stopped by Laurent Brossoit with a rebound.
14:02 of 2nd period - Shot by Anthony Beauvillier.
14:02 of 2nd period - Stopped by Laurent Brossoit with a rebound.
14:34 of 2nd period - Phillip Danault is hit by Zack MacEwen and loses puck.
14:38 of 2nd period - Marco Scandella is hit by Zack MacEwen and loses puck.
14:50 of 2nd period - Zach Parise is hit by Arber Xhekaj and loses puck.
15:21 of 2nd period - Shot by Matty Beniers.
15:21 of 2nd period - Shot Misses the Net.
16:12 of 2nd period - Shot by Givani Smith.
16:12 of 2nd period - Stopped by Jordan Binnington without a rebound.
16:13 of 2nd period - Mathieu Olivier wins face-off versus Pierre-Luc Dubois in MONTREAL Canadiens zone.
16:13 of 2nd period - Givani Smith is hit by Jeremy Lauzon and loses puck.
16:22 of 2nd period - Shot by Cole Caufield.
16:22 of 2nd period - Stopped by Laurent Brossoit without a rebound.
16:23 of 2nd period - Phillip Danault wins face-off versus Mathieu Olivier in SEATTLE Kraken zone.
16:30 of 2nd period - Shot by Phillip Danault.
16:30 of 2nd period - Shot Blocked by Joel Hanley.
16:38 of 2nd period - Shot by Wayne Simmonds.
16:38 of 2nd period - Deflect By Mathieu Olivier.
16:38 of 2nd period - Shot Blocked by Jeremy Lauzon.
16:40 of 2nd period - Shot by Jordan Gross.
16:40 of 2nd period - Shot Misses the Net.
16:42 of 2nd period - Shot by Jordan Gross.
16:42 of 2nd period - Stopped by Jordan Binnington with a rebound.
16:44 of 2nd period - Shot by Givani Smith.
16:44 of 2nd period - Stopped by Jordan Binnington with a rebound.
16:46 of 2nd period - Shot by Jordan Gross.
16:46 of 2nd period - Shot Blocked by Zach Parise.
16:48 of 2nd period - Shot by Joel Hanley.
16:48 of 2nd period - Stopped by Jordan Binnington without a rebound.
16:49 of 2nd period - Pierre-Luc Dubois wins face-off versus Matty Beniers in MONTREAL Canadiens zone.
16:49 of 2nd period - Pierre-Luc Dubois is hit by Matt Martin.
16:52 of 2nd period - Icing by Anthony Beauvillier.
16:53 of 2nd period - Pierre-Luc Dubois wins face-off versus Matty Beniers in MONTREAL Canadiens zone.
16:55 of 2nd period - Icing by Anthony Beauvillier.
16:56 of 2nd period - Matty Beniers wins face-off versus Pierre-Luc Dubois in MONTREAL Canadiens zone.
17:07 of 2nd period - Shot by Matty Beniers.
17:07 of 2nd period - Shot Misses the Net.
17:13 of 2nd period - Shot by Matty Beniers.
17:13 of 2nd period - Stopped by Jordan Binnington without a rebound.
17:14 of 2nd period - Luke Kunin wins face-off versus Anthony Mantha in MONTREAL Canadiens zone.
17:18 of 2nd period - Icing by Phillip Danault.
17:19 of 2nd period - Luke Kunin wins face-off versus Phillip Danault in MONTREAL Canadiens zone.
17:23 of 2nd period - Icing by Noah Dobson.
17:24 of 2nd period - Phillip Danault wins face-off versus Luke Kunin in MONTREAL Canadiens zone.
18:32 of 2nd period - Jakub Zboril is hit by Anthony Beauvillier and loses puck.
18:48 of 2nd period - Shot by Pierre-Luc Dubois.
18:48 of 2nd period - Stopped by Laurent Brossoit without a rebound.
18:49 of 2nd period - Nicolas Roy wins face-off versus Mathieu Olivier in SEATTLE Kraken zone.
19:11 of 2nd period - Alexis Lafrenière is hit by Joel Hanley.
19:20 of 2nd period - Alexis Lafrenière is hit by Jordan Gross and loses puck.
19:22 of 2nd period - Minor Penalty to Joel Hanley for Cross-checking.
19:23 of 2nd period - Pierre-Luc Dubois wins face-off versus Brendan Lemieux in SEATTLE Kraken zone.
19:56 of 2nd period - Shot by Noah Dobson.
19:56 of 2nd period - Stopped by Laurent Brossoit without a rebound.
19:57 of 2nd period - Jordan Greenway wins face-off versus Nicolas Roy in SEATTLE Kraken zone.
Goals for this period are 0 for SEATTLE Kraken vs 2 for MONTREAL Canadiens.
Shots for this period are 10 for SEATTLE Kraken vs 18 for MONTREAL Canadiens.

3rd period


0:01 of 3rd period - Pierre-Luc Dubois wins face-off versus Brendan Lemieux in neutral zone.
0:34 of 3rd period - Shot by Noah Dobson.
0:34 of 3rd period - Deflect By Pierre-Luc Dubois.
0:34 of 3rd period - Shot Misses the Net.
0:36 of 3rd period - Shot by Anthony Beauvillier.
0:36 of 3rd period - Shot Blocked by Radko Gudas.
0:38 of 3rd period - Shot by Mike Matheson.
0:38 of 3rd period - Shot Blocked by Radko Gudas.
1:08 of 3rd period - Icing by Zach Parise.
1:09 of 3rd period - Michael Amadio wins face-off versus Matt Martin in MONTREAL Canadiens zone.
1:40 of 3rd period - William Carrier is hit by Jordan Gross and loses puck.
1:47 of 3rd period - Shot by William Carrier.
1:47 of 3rd period - Stopped by Laurent Brossoit without a rebound.
1:48 of 3rd period - Zach Parise wins face-off versus Matty Beniers in SEATTLE Kraken zone.
1:48 of 3rd period - Anthony Mantha is hit by Arber Xhekaj and loses puck.
1:57 of 3rd period - Jeremy Lauzon is hit by Liam O'Brien and loses puck.
2:08 of 3rd period - Matt Martin is hit by Anthony Mantha and loses puck.
2:28 of 3rd period - Zach Parise is hit by Matt Martin.
3:06 of 3rd period - Shot by Anthony Beauvillier.
3:06 of 3rd period - Stopped by Laurent Brossoit without a rebound.
3:07 of 3rd period - Nicolas Roy wins face-off versus Luke Kunin in SEATTLE Kraken zone.
3:08 of 3rd period - Shot by Michael Amadio.
3:08 of 3rd period - Stopped by Laurent Brossoit with a rebound.
4:05 of 3rd period - Icing by Givani Smith.
4:06 of 3rd period - Mathieu Olivier wins face-off versus Pierre-Luc Dubois in SEATTLE Kraken zone.
4:14 of 3rd period - Off-side.
4:15 of 3rd period - Zack MacEwen wins face-off versus Pierre-Luc Dubois in neutral zone.
4:15 of 3rd period - Brendan Lemieux is hit by Pierre-Luc Dubois and loses puck.
4:29 of 3rd period - Shot by Ryan Kesler.
4:29 of 3rd period - Deflect By Brendan Lemieux.
4:29 of 3rd period - Stopped by Jordan Binnington with a rebound.
4:42 of 3rd period - Zack MacEwen is hit by Noah Dobson and loses puck.
4:49 of 3rd period - Shot by Zack MacEwen.
4:49 of 3rd period - Stopped by Jordan Binnington without a rebound.
4:50 of 3rd period - Phillip Danault wins face-off versus Matty Beniers in MONTREAL Canadiens zone.
4:50 of 3rd period - Phillip Danault is hit by Matt Martin.
5:05 of 3rd period - Liam O'Brien is hit by David Savard.
5:59 of 3rd period - Shot by Alexis Lafrenière.
5:59 of 3rd period - Stopped by Laurent Brossoit without a rebound.
6:00 of 3rd period - Pierre-Luc Dubois wins face-off versus Luke Kunin in SEATTLE Kraken zone.
6:32 of 3rd period - Icing by Marco Scandella.
6:33 of 3rd period - Pierre-Luc Dubois wins face-off versus Mathieu Olivier in MONTREAL Canadiens zone.
6:51 of 3rd period - Icing by Simon Benoit.
6:52 of 3rd period - Pierre-Luc Dubois wins face-off versus Matty Beniers in MONTREAL Canadiens zone.
6:52 of 3rd period - Anthony Beauvillier is hit by Matt Martin and loses puck.
7:43 of 3rd period - Minor Penalty to Anthony Mantha for Holding Stick.
7:43 of 3rd period - Minor Penalty to Radko Gudas for Interference.
7:44 of 3rd period - Pierre-Luc Dubois wins face-off versus Luke Kunin in SEATTLE Kraken zone.
7:53 of 3rd period - Shot by Jordan Greenway.
7:53 of 3rd period - Shot Misses the Net.
8:05 of 3rd period - Shot by Luke Kunin.
8:05 of 3rd period - Stopped by Jordan Binnington without a rebound.
8:06 of 3rd period - Pierre-Luc Dubois wins face-off versus Luke Kunin in MONTREAL Canadiens zone.
8:17 of 3rd period - Icing by Noah Dobson.
8:18 of 3rd period - Luke Kunin wins face-off versus Pierre-Luc Dubois in MONTREAL Canadiens zone.
8:32 of 3rd period - Pierre-Luc Dubois is hit by Jakub Zboril and loses puck.
9:19 of 3rd period - Shot by Matt Martin.
9:19 of 3rd period - Stopped by Jordan Binnington without a rebound.
9:20 of 3rd period - Phillip Danault wins face-off versus Luke Kunin in MONTREAL Canadiens zone.
9:32 of 3rd period - Jordan Greenway is hit by Jeremy Lauzon and loses puck.
9:35 of 3rd period - Shot by Joel Hanley.
9:35 of 3rd period - Stopped by Jordan Binnington without a rebound.
9:36 of 3rd period - Phillip Danault wins face-off versus Brendan Lemieux in MONTREAL Canadiens zone.
10:29 of 3rd period - Icing by Jakub Zboril.
10:30 of 3rd period - Phillip Danault wins face-off versus Mathieu Olivier in SEATTLE Kraken zone.
10:57 of 3rd period - Mathieu Olivier is hit by Zach Parise and loses puck.
11:02 of 3rd period - Shot by Anthony Mantha.
11:02 of 3rd period - Shot Misses the Net.
11:04 of 3rd period - Shot by Phillip Danault.
11:04 of 3rd period - Stopped by Laurent Brossoit without a rebound.
11:05 of 3rd period - Pierre-Luc Dubois wins face-off versus Luke Kunin in SEATTLE Kraken zone.
11:17 of 3rd period - Jake Gardiner is hit by Pierre-Luc Dubois and loses puck.
11:27 of 3rd period - Off-side.
11:28 of 3rd period - Matty Beniers wins face-off versus Nicolas Roy in neutral zone.
11:35 of 3rd period - Michael Amadio is hit by Liam O'Brien and loses puck.
11:46 of 3rd period - Shot by Nicolas Roy.
11:46 of 3rd period - Stopped by Laurent Brossoit with a rebound.
11:58 of 3rd period - Shot by Nicolas Roy.
11:58 of 3rd period - Shot Misses the Net.
12:00 of 3rd period - Shot by Michael Amadio.
12:00 of 3rd period - Shot Misses the Net.
12:42 of 3rd period - Shot by Anthony Beauvillier.
12:42 of 3rd period - Stopped by Laurent Brossoit without a rebound.
12:43 of 3rd period - Phillip Danault wins face-off versus Zack MacEwen in SEATTLE Kraken zone.
13:03 of 3rd period - Shot by Brendan Lemieux.
13:03 of 3rd period - Stopped by Jordan Binnington without a rebound.
13:04 of 3rd period - Mathieu Olivier wins face-off versus Pierre-Luc Dubois in MONTREAL Canadiens zone.
14:00 of 3rd period - Icing by Phillip Danault.
14:01 of 3rd period - Zach Parise wins face-off versus Luke Kunin in MONTREAL Canadiens zone.
14:01 of 3rd period - Zach Parise is hit by Jordan Greenway.
14:10 of 3rd period - Brendan Lemieux is hit by Jeremy Lauzon and loses puck.
14:14 of 3rd period - Jordan Greenway is hit by David Savard and loses puck.
14:17 of 3rd period - Shot by Jordan Greenway.
14:17 of 3rd period - Shot Misses the Net.
14:19 of 3rd period - Shot by Jakub Zboril.
14:19 of 3rd period - Stopped by Jordan Binnington without a rebound.
14:20 of 3rd period - Nicolas Roy wins face-off versus Matt Martin in MONTREAL Canadiens zone.
14:20 of 3rd period - Nicolas Roy is hit by Matt Martin.
15:00 of 3rd period - Simon Benoit is hit by Jordan Gross.
15:04 of 3rd period - Shot by Alexis Lafrenière.
15:04 of 3rd period - Shot Misses the Net.
15:37 of 3rd period - Anthony Beauvillier is hit by Radko Gudas and loses puck.
15:48 of 3rd period - Shot by Pierre-Luc Dubois.
15:48 of 3rd period - Stopped by Laurent Brossoit with a rebound.
16:57 of 3rd period - Mathieu Olivier is hit by Simon Benoit and loses puck.
17:17 of 3rd period - Arthur Kaliyev is hit by Radko Gudas and loses puck.
17:26 of 3rd period - Shot by Marco Scandella.
17:26 of 3rd period - Stopped by Laurent Brossoit without a rebound.
17:27 of 3rd period - Matty Beniers wins face-off versus Pierre-Luc Dubois in SEATTLE Kraken zone.
17:27 of 3rd period - Jordan Gross is hit by Pierre-Luc Dubois and loses puck.
17:29 of 3rd period - Minor Penalty to Jordan Gross for Hooking.
17:30 of 3rd period - Brendan Lemieux wins face-off versus Pierre-Luc Dubois in SEATTLE Kraken zone.
18:05 of 3rd period - Shot by Pierre-Luc Dubois.
18:05 of 3rd period - Stopped by Laurent Brossoit without a rebound.
18:06 of 3rd period - Jordan Greenway wins face-off versus Zach Parise in SEATTLE Kraken zone.
19:57 of 3rd period - Minor Penalty to William Carrier for Tripping.
19:58 of 3rd period - Matty Beniers wins face-off versus Phillip Danault in MONTREAL Canadiens zone.
Goals for this period are 0 for SEATTLE Kraken vs 0 for MONTREAL Canadiens.
Shots for this period are 7 for SEATTLE Kraken vs 10 for MONTREAL Canadiens. Output by the SimonT Hockey Simulator (STHS) for Martin Benoit - Original Page W3C HTML5 Valid
Hockey Simulator - Hockey Simulation - Hockey Manager